 Dungeon Crawl Stone Soup version 0.22-a0-142-g91cc6d7 (webtiles) character file.

72 Alarkh the Slasher (level 4, 35/35 HPs)
             Began as a Demonspawn Fighter on Feb 5, 2018.
             Got out of the dungeon alive.
             The game lasted 00:01:44 (1483 turns).

Alarkh the Slasher (Demonspawn Fighter)             Turns: 1483, Time: 00:01:44

Health: 35/35      AC:  9    Str: 16    XL:     4   Next: 6%
Magic:  4/4        EV:  9    Int: 11    God:
Gold:   89         SH:  8    Dex: 12    Spells: 3/3 levels left

rFire    . . .     SeeInvis .   a - +0 long sword
rCold    . . .     Gourm    .   c - +0 shield
rNeg     . . .     Faith    .   b - +0 scale mail
rPois    .         Spirit   .   n - +0 helmet
rElec    .         Reflect  .   (no cloak)
rCorr    .         Harm     .   (no gloves)
MR       .....                  (no boots)
Stlth    ..........             (no amulet)
HPRegen  0.11/turn              m - +3 ring of evasion
MPRegen  0.09/turn              (no ring)

@: no status effects
A: hooves 1, slimy green scales 1
a: no special abilities


You escaped.
You were not hungry.

You visited 1 branch of the dungeon, and saw 2 of its levels.

You collected 89 gold pieces.

Inventory:

Hand Weapons
 a - a +0 long sword (weapon)
Armour
 b - a +0 scale mail (worn)
 c - a +0 shield (worn)
 n - a +0 helmet (worn)
Jewellery
 m - a +3 ring of evasion (left hand)
Scrolls
 e - a scroll of identify
 l - a scroll of blinking {unknown}
Potions
 d - 2 potions of might
 h - a potion of ambrosia
 i - 2 potions of resistance {unknown}
 j - a potion of lignification
 k - a potion of heal wounds {unknown}
Comestibles
 f - 2 rations


   Skills:
 - Level 3.0 Fighting
 + Level 4.0 Long Blades
 - Level 2.6 Armour
 - Level 2.6 Shields


You had 3 spell levels left.
You didn't know any spells.

Dungeon Overview and Level Annotations

Branches:
Dungeon (2/15)

Altars:


Innate Abilities, Weirdness & Mutations

You have large cloven feet.
You are partially covered in slimy green scales. (AC +2)


Message History

m - a +3 ring of evasion (left hand)
You see here a helmet.
n - a helmet You start putting on your armour.
You continue putting on your helmet. x3
Some of the chunks of flesh in your inventory have rotted away.
You continue putting on your helmet.
You finish putting on your +0 helmet.
There is a stone staircase leading up here.
You climb upwards.
There is a stone staircase leading down here.
Press: ? - help, v - describe, . - travel A stone staircase leading down.
Some of the chunks of flesh in your inventory have rotted away.
All of the chunks of flesh in your inventory have rotted away.
You see here a club.
There is an open door here.
You see here 15 stones.
There is a staircase leading out of the dungeon here.
Are you sure you want to leave the Dungeon?
This will make you lose the game!
You have escaped!

.....(.(....## #.### #.#.#
.###.........# #.# ### #.#.#
.#
#####.##..###'###.#######.#.#
.# #.#...#.#.#..#........#.##
.# #.......#.#.###.#######...
.# ###...###.##.#.## ####
.########......#.###.##
..........##.###.# #.#
###########...##@###.# ####
#.....#.#.#.# # ...#
##...##.#.#.# # ##.#
##.###.#.#.# # #.# ###
#.#.#.# # #.# #(#.#.########
# #.# #'#....(.....# # #.#
#########.#.########.# # #.#
#.........#>##...###.# #


There were no monsters in sight!

Vanquished Creatures
  2 adders (D:2)
  2 worms
  2 dart slugs
  A leopard gecko (D:1)
  2 giant cockroaches
  6 goblins
  4 hobgoblins
  2 jackals (D:2)
  6 kobolds
  A quokka (D:2)
  8 bats
  3 frilled lizards
  5 rats
44 creatures vanquished.

Notes
Turn   | Place    | Note
-------+----------+-------------------------------------------
     0 | D:1      | Alarkh the Demonspawn Fighter began the quest for the Orb.
     0 | D:1      | Reached XP level 1. HP: 18/18 MP: 1/1
     9 | D:1      | Reached skill level 2 in Long Blades
    88 | D:1      | Gained mutation: You have large cloven feet. [demonic ancestry]
    88 | D:1      | Reached XP level 2. HP: 17/24 MP: 2/2
   520 | D:1      | Reached skill level 3 in Long Blades
   779 | D:1      | Reached XP level 3. HP: 29/29 MP: 3/3
  1394 | D:2      | Reached skill level 4 in Long Blades
  1394 | D:2      | Gained mutation: You are partially covered in slimy green scales. (AC +2) [demonic ancestry]
  1394 | D:2      | Reached XP level 4. HP: 35/35 MP: 4/4
  1483 | D:$      | Got out of the dungeon alive.

Vault maps used:
D:1:      evilmike_arrival_run_for_it

Skill      XL: |  1  2  3 |
---------------+----------+-----
Long Blades    | 2 3 4 |  4.0
Fighting       | |  3.0
Armour         | |  2.6
Shields        | |  2.6

Action                   |  1- 3 |  4- 6 || total
-------------------------+-------+-------++-------
Melee: Long sword        |   133 |     3 ||   136
       Kick              |    18 |     1 ||    19
  Use: Scroll            |     2 |       ||     2
  Eat: Chunk             |     2 |       ||     2
Armor: Scale mail        |    72 |     5 ||    77
Dodge: Dodged            |    38 |       ||    38
Block: Shield            |    83 |     1 ||    84
       Rpst.: Long sword |    12 |       ||    12

Table legend:
 A = Spawn XP
 B = Non-spawn XP
 C = Spawn XP percentage of total XP
 D = Spawn monster count
 E = Non-spawn monster count
 F = Spawn count percentage of total count
 G = Total turns spent on level
                    A         B        C        D         E        F      G
               +---------+---------+-------+---------+---------+-------+---------
         Total |       0 |     103 |   0.0 |       0 |      44 |   0.0 |  1483
               +---------+---------+-------+---------+---------+-------+---------
           D:1 |       0 |      41 |   0.0 |       0 |      22 |   0.0 |   899
           D:2 |       0 |      62 |   0.0 |       0 |      22 |   0.0 |   584
               +---------+---------+-------+---------+---------+-------+---------
